 Dungeon Crawl Stone Soup version 0.24.0-37-gcf1ca852f1 (webtiles) character file.

Game seed: 560813642654299862, levelgen mode: deterministic

536 frabbit the Covered (level 7, -17/64 HPs)
             Began as a Deep Dwarf Fighter on Dec 1, 2019.
             Demolished by an ogre
             ... wielding a +0 giant club
              (19 damage)
             ... on level 4 of the Dungeon.
             The game lasted 00:06:06 (1960 turns).

frabbit the Covered (Deep Dwarf Fighter)            Turns: 1960, Time: 00:06:07

Health: -17/64     AC:  9    Str: 20    XL:     7   Next: 4%
Magic:  6/6        EV:  7    Int:  9    God:
Gold:   126        SH: 10    Dex: 13    Spells: 6/6 levels left

rFire    . . .     SeeInvis +   a - +0 war axe
rCold    . . .     Gourm    .   c - +0 shield
rNeg     . . .     Faith    .   b - +0 scale mail
rPois    .         Spirit   .   (no helmet)
rElec    .         Reflect  .   r - +0 cloak
rCorr    +         Harm     .   s - +0 pair of gloves
MR       +....                  (no boots)
Stlth    ..........             (no amulet)
HPRegen  0.00/turn              m - ring of resist corrosion
MPRegen  0.10/turn              i - ring of see invisible

@: non-regenerating
A: damage resistance, heal wounds, sense surroundings 1, no regeneration
a: Heal Wounds


You were on level 4 of the Dungeon.
You were not hungry.

You visited 1 branch of the dungeon, and saw 5 of its levels.

You collected 126 gold pieces.

Inventory:

Hand Weapons
 a - a +0 war axe (weapon)
Armour
 b - a +0 scale mail (worn)
 c - a +0 shield (worn)
 r - a +0 cloak (worn)
 s - a +0 pair of gloves (worn)
Jewellery
 i - a ring of see invisible (right hand)
 m - a ring of resist corrosion (left hand)
 n - an uncursed ring of protection from cold
Scrolls
 e - 4 scrolls of amnesia {unknown}
 j - 2 scrolls of random uselessness {unknown}
 l - 4 scrolls of enchant weapon {unknown}
 p - 2 scrolls of teleportation {unknown}
 q - a scroll of identify {unknown}
 u - a scroll of remove curse {unknown}
Potions
 d - a potion of might
 h - a potion of curing {unknown}
 k - a potion of ambrosia {unknown}
 o - a potion of magic {unknown}
 t - 2 potions of agility {unknown}
 v - a potion of mutation {unknown}
Comestibles
 f - 5 rations
 g - 9 chunks of flesh


   Skills:
 + Level 4.1 Fighting
 * Level 4.9 Axes
 + Level 5.1 Armour
 + Level 5.1 Shields


You had 6 spell levels left.
You didn't know any spells.
Your spell library was empty.

Dungeon Overview and Level Annotations

Branches:
Dungeon (5/15)
 Temple: D:4-7

Altars:
Okawaru
Trog


Innate Abilities, Weirdness & Mutations

You are resistant to damage.
You can heal yourself by infusing magical energy.
You passively map a small area around you.
You do not regenerate.


Message History

The ogre is heavily wounded.
The ogre hits you with a +0 giant club!
* * * LOW HITPOINT WARNING * * *
You hit the ogre.
The ogre is heavily wounded.
You block the ogre's attack.
You barely miss the ogre.
The ogre is heavily wounded.
You block the ogre's attack.
You barely miss the ogre.
The ogre is heavily wounded.
The ogre hits you with a +0 giant club!
* * * LOW HITPOINT WARNING * * *
You barely miss the ogre.
The ogre is heavily wounded.
You block the ogre's attack.
Your shield and scale mail prevent you from hitting the ogre.
The ogre is heavily wounded.
The ogre hits you with a +0 giant club!!
You die...

,,, , ............... *
,, ................ , ,
, .....!........... *
,, .................. *
, .$.................,
, ,
.................... *
.........!...........
.............@O......
..................... ,
.....................
.....................
..................... ,
,.....................
, .....................
,......................
, .....................


You could see an ogre.

Vanquished Creatures
  Sigmund (D:5)
  A phantom (D:4)
  A howler monkey (D:4)
  2 hounds (D:4)
  A gnoll shaman (D:4)
  A worker ant (D:4)
  4 adders
  5 gnolls (D:4)
  4 worms
  2 dart slugs
  4 leopard geckos
  3 orcs (D:3)
  A ball python (D:4)
  3 giant cockroaches
  2 hobgoblins (D:3)
  A quokka (D:3)
  3 bats
  4 frilled lizards
  4 goblins
  4 kobolds
  A leopard gecko skeleton (D:4)
  A quokka skeleton (D:4)
  4 rats
57 creatures vanquished.

Notes
Turn   | Place    | Note
-------+----------+-------------------------------------------
     0 | D:1      | frabbit the Deep Dwarf Fighter began the quest for the Orb.
     0 | D:1      | Reached XP level 1. HP: 20/20 MP: 1/1
   382 | D:2      | Reached XP level 2. HP: 25/27 MP: 2/2
   557 | D:2      | Reached XP level 3. HP: 25/34 MP: 3/3
   979 | D:3      | Found a bloodstained altar of Trog.
   979 | D:3      | Found an iron altar of Okawaru.
  1028 | D:3      | Reached XP level 4. HP: 20/42 MP: 3/3
  1201 | D:3      | You fall into a shaft and drop 2 floors!
  1201 | D:5      | Entered Level 5 of the Dungeon
  1236 | D:5      | Noticed Sigmund
  1256 | D:5      | Killed Sigmund
  1256 | D:5      | Reached XP level 5. HP: 13/50 MP: 4/4
  1382 | D:4      | Noticed a phantom
  1416 | D:4      | Killed a phantom
  1416 | D:4      | Reached XP level 6. HP: 41/57 MP: 5/5
  1821 | D:4      | Reached skill level 5 in Armour
  1841 | D:4      | Reached skill level 5 in Shields
  1928 | D:4      | Reached XP level 7. HP: 45/64 MP: 6/6
  1958 | D:4      | HP: 2/64 [ogre/+0 giant club (7)]
  1960 | D:4      | Demolished by an ogre

Levels and vault maps discovered:
D:1:      saegor_arrival_simple_c, layout_rooms, minmay_misc_feat_hallway
D:2:      layout_rooms, kennysheep_generic_room_5
D:3:      layout_loops_cross, grunt_temple_overflow_open
D:4:      layout_layer_cave
D:5:      layout_gridville, minmay_temple_entry_enclosed_plants, first_ration,
          kennysheep_dice, uniq_prince_ribbit1, uniq_edmund, uniq_sigmund

Skill      XL: |  1  2  3  4  5  6 |
---------------+-------------------+-----
Fighting       | 3 4 |  4.1
Axes           | 3 4 |  4.9
Armour         | 4 5 |  5.1
Shields        | 4 5 |  5.1

Action                   |  1- 3 |  4- 6 |  7- 9 || total
-------------------------+-------+-------+-------++-------
Melee: War axe           |   125 |   119 |    17 ||   261
 Abil: Heal Wounds       |     1 |     2 |       ||     3
  Eat: Chunk             |     1 |     3 |       ||     4
Armor: Scale mail        |    63 |    54 |     2 ||   119
Dodge: Dodged            |    43 |    36 |     1 ||    80
Block: Shield            |    74 |    64 |     7 ||   145
